[Event "Titled Tuesday Blitz March 22 Early 2022"]
[White "Winkels, Marcel"]
[Black "Mikhnenko, Alexander"]
[WhiteFideId "1003887"]
[BlackFideId "34143014"]
[WhiteElo "1900"]
[BlackElo "2184"]
[Result "0-1"]
[Round "05"]
[TimeControl "180+1"]
[Date "2022.03.22"]
[WhiteClock "0:00:09"]
[BlackClock "0:00:43"]

1. e4 c5 2. Nf3 e6 3. d4 cxd4 4. Nxd4 Qb6 5. Nb3 Nf6 6. Bd3 Nc6 7. O-O Qc7 8. Nc3 a6 9. a4 Bd6 10. f4 Bb4 11. e5 Bxc3 12. bxc3 Nd5 13. Ba3 Ne3 14. Qf3 Nxf1 15. Rxf1 g6 16. Bd6 Qd8 17. Nd2 Ne7 18. Ne4 Ng8 19. Ba3 Ne7 20. Nf6+ Kf8 21. Bd6 Kg7 22. Qg3 Nf5 23. Bxf5 exf5 24. Qf3 h6 25. Rd1 Qb6+ 26. Kh1 Qc6 27. Qd3 b5 28. Qd4 Bb7 29. Rd2 Qc4 30. Qf2 bxa4 31. h3 a3 0-1


[Site "https://www.chess.com"]

[Event "Titled Tuesday Blitz March 22 Early 2022"]
[White "Xu, Yi"]
[Black "Atakhan, Abtin"]
[WhiteFideId "8605564"]
[BlackFideId "22502203"]
[WhiteElo "2471"]
[BlackElo "2119"]
[Result "1-0"]
[Round "05"]
[TimeControl "180+1"]
[Date "2022.03.22"]
[WhiteClock "0:00:09"]
[BlackClock "0:00:02"]

1. e4 c5 2. Nf3 Nc6 3. Bb5 g6 4. O-O Bg7 5. Re1 e5 6. Bxc6 dxc6 7. a3 f6 8. b4 cxb4 9. axb4 Nh6 10. h3 Nf7 11. c3 O-O 12. d4 Be6 13. Be3 Qc7 14. Nbd2 a5 15. bxa5 Rxa5 16. Rxa5 Qxa5 17. c4 exd4 18. Nxd4 Bc8 19. c5 f5 20. exf5 gxf5 21. N2b3 Qc7 22. Qf3 Ne5 23. Qg3 Qf7 24. Bf4 Ng6 25. Bd6 Re8 26. Rxe8+ Qxe8 27. Kh2 f4 28. Qd3 Qf7 29. Nd2 Qd5 30. N2f3 b6 31. Qc3 bxc5 32. Bxc5 Ne5 33. Qa3 h6 34. Qa8 Qxc5 35. Qxc8+ Qf8 36. Qxf8+ Kxf8 37. Nxe5 Bxe5 38. Nxc6 Bf6 39. Kg1 Kf7 40. Kf1 Kg6 41. Ke2 Kf5 42. Kf3 Kg5 43. Nb4 Be5 44. Ke4 Bb8 45. Nd5 h5 46. Nc3 Kh4 47. Ne2 Bc7 48. Nd4 Kg5 49. Ne6+ Kh4 50. Nxc7 f3 51. Kxf3 1-0


[Site "https://www.chess.com"]

[Event "Titled Tuesday Blitz March 22 Early 2022"]
[White "Yang, Kaiqi"]
[Black "Bluebaum, Matthias"]
[WhiteFideId "8604398"]
[BlackFideId "24651516"]
[WhiteElo "2373"]
[BlackElo "2550"]
[Result "0-1"]
[Round "05"]
[TimeControl "180+1"]
[Date "2022.03.22"]
[WhiteClock "0:00:03"]
[BlackClock "0:00:51"]

1. e4 c6 2. Ne2 d5 3. e5 Bf5 4. Ng3 Bg6 5. h4 h5 6. e6 fxe6 7. d4 e5 8. dxe5 e6 9. Bd3 Bxd3 10. Qxd3 Qc7 11. Qg6+ Qf7 12. Qxf7+ Kxf7 13. Nd2 Nd7 14. Nf3 Be7 15. Bg5 g6 16. Ne2 Nh6 17. Nf4 Bf8 18. Bf6 Nxf6 19. Ng5+ Kg8 20. exf6 Nf7 21. Nxg6 Rh6 22. Nf4 e5 23. Nd3 Rxf6 24. f3 Re8 25. Nxf7 Rxf7 26. O-O Be7 27. g3 Bd6 28. Kg2 Rg7 29. Kh3 Kh7 30. Rae1 Reg8 31. Rg1 e4 32. fxe4 Rxg3+ 33. Rxg3 Rxg3+ 34. Kh2 dxe4 0-1


[Site "https://www.chess.com"]

[Event "Titled Tuesday Blitz March 22 Early 2022"]
[White "Yeletsky, Ivan"]
[Black "Chigaev, Maksim"]
[WhiteFideId "24180327"]
[BlackFideId "4108116"]
[WhiteElo "2303"]
[BlackElo "2502"]
[Result "0-1"]
[Round "05"]
[TimeControl "180+1"]
[Date "2022.03.22"]
[WhiteClock "0:00:02"]
[BlackClock "0:00:05"]

1. e4 c5 2. Nf3 d6 3. d4 cxd4 4. Nxd4 Nf6 5. Nc3 a6 6. Rg1 h5 7. h3 h4 8. Be3 Nbd7 9. Qd2 b5 10. f3 Bb7 11. O-O-O Rc8 12. Kb1 g6 13. g4 hxg3 14. Rxg3 Bg7 15. Nf5 Bf8 16. Nh6 Ne5 17. f4 Nh5 18. fxe5 Nxg3 19. Nxf7 Kxf7 20. Qf2+ Kg8 21. Qxg3 Qe8 22. e6 Bg7 23. Ne2 Bxe4 24. Nd4 Bxd4 25. Rxd4 Bxc2+ 26. Ka1 Bf5 27. a3 Qc6 28. Bd3 Bxd3 29. Rxd3 Qe4 30. Bd4 Rh6 31. Bc3 Qxe6 32. Re3 Qf7 33. Rf3 Qd5 34. Rf1 Rxc3 35. Qxc3 Qe6 36. Re1 Qf7 37. Qc7 Rh7 38. Qd8+ Qf8 39. Qb6 Rf7 40. Ka2 Kg7 41. Qxa6 Qe8 42. Qb6 Qd7 43. Qd4+ e5 44. Qd5 b4 45. Kb1 bxa3 46. b3 Qf5+ 47. Ka2 Qf2+ 48. Kxa3 Qxe1 0-1


[Site "https://www.chess.com"]

[Event "Titled Tuesday Blitz March 22 Early 2022"]
[White "volunteers1998"]
[Black "Bettalli, Francesco"]
[BlackFideId "2816453"]
[WhiteElo "2244"]
[BlackElo "2216"]
[Result "0-1"]
[Round "05"]
[TimeControl "180+1"]
[Date "2022.03.22"]
[WhiteClock "0:00:42"]
[BlackClock "0:00:06"]

1. e4 e5 2. Nf3 Nf6 3. Nxe5 Nc6 4. Nxc6 dxc6 5. d3 Bc5 6. Be2 h5 7. c3 Ng4 8. d4 Qh4 9. g3 Qf6 10. f3 h4 11. Rf1 Nxh2 12. Rg1 hxg3 13. dxc5 Qh4 14. Be3 Be6 15. Nd2 O-O-O 16. Qa4 Kb8 17. O-O-O f5 18. Nf1 f4 19. Bd4 Rh7 20. Rh1 g5 21. Bg1 Rxd1+ 22. Qxd1 g2 23. Rxh2 gxf1=Q 24. Qxf1 Qxh2 25. Bxh2 Rxh2 26. Kd1 Bh3 27. Qg1 Rg2 28. Qd4 a6 29. Qh8+ Bc8 30. Qh3 Bxh3 0-1


[Site "https://www.chess.com"]

[Event "Titled Tuesday Blitz March 22 Early 2022"]
[White "Aaditya Dhingra"]
[Black "Yang, Kaiqi"]
[WhiteFideId "25678191"]
[BlackFideId "8604398"]
[WhiteElo "1849"]
[BlackElo "2373"]
[Result "1/2-1/2"]
[Round "06"]
[TimeControl "180+1"]
[Date "2022.03.22"]
[WhiteClock "0:00:27"]
[BlackClock "0:00:08"]

1. Nf3 e6 2. g3 d5 3. Bg2 Nf6 4. O-O Be7 5. c4 d4 6. e3 c5 7. exd4 cxd4 8. d3 Nc6 9. Re1 O-O 10. a3 a5 11. Nbd2 h6 12. h3 Nd7 13. g4 Nc5 14. Ne4 Nxe4 15. Rxe4 Ra6 16. Ne5 Nxe5 17. Rxe5 Bf6 18. Rb5 b6 19. b4 Bd7 20. bxa5 Bxb5 21. cxb5 Rxa5 22. a4 Bg5 23. Ba3 Be7 24. Bc1 Bb4 25. Bf4 Ra7 26. Qb3 Bc3 27. Ra2 Qf6 28. Bd2 Rc8 29. Rc2 Qe5 30. Kf1 Rc5 31. f4 Qc7 32. Bc1 Ba5 33. Rc4 Rxc4 34. Qxc4 Qxc4 35. dxc4 Bb4 36. Bb2 Bc5 37. Ke2 Rxa4 38. Kd3 Ra2 39. Kc2 d3+ 40. Kb3 d2 41. Bf3 Ra7 42. Kc2 Be3 43. f5 exf5 44. gxf5 Kf8 45. Kd3 Rd7+ 46. Kxe3 d1=Q 47. Bxd1 Rxd1 48. Bd4 Rc1 49. Kd3 Rd1+ 50. Kc3 Rf1 51. Bxb6 Ke7 52. Bd4 Rxf5 53. Bxg7 h5 54. Kb4 Kd7 55. c5 Kc7 56. Bd4 Rf4 57. Kc4 Rh4 58. Kd5 Rxh3 59. c6 Kc8 60. b6 Rb3 61. b7+ Rxb7 62. cxb7+ Kxb7 63. Ke5 h4 64. Bg1 Kc6 65. Kf6 Kd5 66. Kxf7 Ke4 67. Bh2 Kf3 68. Bc7 Kg2 69. Kg6 h3 70. Kh5 h2 71. Bxh2 1/2-1/2


[Site "https://www.chess.com"]

[Event "Titled Tuesday Blitz March 22 Early 2022"]
[White "Agasarov, Benik"]
[Black "Topalov, Aleksandar"]
[WhiteFideId "13314823"]
[BlackFideId "925659"]
[WhiteElo "2551"]
[BlackElo "2158"]
[Result "1-0"]
[Round "06"]
[TimeControl "180+1"]
[Date "2022.03.22"]
[WhiteClock "0:01:01"]
[BlackClock "0:00:21"]

1. e4 e6 2. d4 d5 3. Bd3 dxe4 4. Bxe4 Nf6 5. Bf3 c5 6. Ne2 Nc6 7. Be3 e5 8. Bxc6+ bxc6 9. dxe5 Qxd1+ 10. Kxd1 Ng4 11. Nd2 Ba6 12. Nf3 O-O-O+ 13. Ke1 Nxe3 14. fxe3 Be7 15. Ng3 g6 16. Rd1 Rxd1+ 17. Kxd1 Rd8+ 18. Kc1 Rd5 19. e4 Rd7 20. Rd1 h5 21. e6 Rxd1+ 22. Kxd1 h4 23. Ne2 fxe6 24. Nf4 g5 25. Nxe6 g4 26. Ne5 Bf6 27. Nxg4 Bxb2 28. Nxc5 Bf1 29. Ne3 Bb5 30. c4 Bd4 31. cxb5 Bxc5 32. Nf5 cxb5 33. Nxh4 Kd7 34. Ke2 Ke6 35. Kd3 a5 36. g3 a4 37. Nf3 b4 38. Kc4 b3 39. axb3 a3 40. Kc3 Bb4+ 41. Kc2 Be7 42. Kb1 Bf6 43. Ka2 Bb2 44. h4 Bc1 45. g4 1-0


[Site "https://www.chess.com"]

[Event "Titled Tuesday Blitz March 22 Early 2022"]
[White "Alinasab, Mobina"]
[Black "Krylov, Ivan"]
[WhiteFideId "12528897"]
[BlackFideId "24128066"]
[WhiteElo "2052"]
[BlackElo "2258"]
[Result "1-0"]
[Round "06"]
[TimeControl "180+1"]
[Date "2022.03.22"]
[WhiteClock "0:02:03"]
[BlackClock "0:00:08"]

1. e4 c6 2. d4 d5 3. exd5 cxd5 4. c3 Nf6 5. Bd3 Bg4 6. Ne2 e6 7. Qb3 Qb6 8. Qxb6 axb6 9. Nd2 Nc6 10. O-O Bd6 11. h3 Bh5 12. Nb3 O-O 13. Nf4 Bg6 14. Nxg6 hxg6 15. Bg5 Na5 16. Nxa5 bxa5 17. Bb5 Ne4 18. Be3 Rfd8 19. Rfc1 a4 20. b3 a3 21. f3 Nf6 22. c4 dxc4 23. bxc4 Rac8 24. Rab1 Rc7 25. Ba4 Rdc8 26. c5 Be7 27. Bf4 Nd5 28. Bxc7 Rxc7 29. Rb3 Bf6 30. Rc4 b6 31. Rxa3 bxc5 32. dxc5 Ra7 33. Rb3 Be7 34. c6 Bd6 35. Rb7 Rxb7 36. cxb7 Nc7 37. b8=Q+ Kh7 38. Rxc7 Bxc7 39. Qxc7 f5 40. Be8 Kh6 41. Qf7 g5 42. Qg6# 1-0


[Site "https://www.chess.com"]

[Event "Titled Tuesday Blitz March 22 Early 2022"]
[White "Andreikin, Dmitry"]
[Black "Le, Tuan Minh"]
[WhiteFideId "4158814"]
[BlackFideId "12401153"]
[WhiteElo "2736"]
[BlackElo "2450"]
[Result "1-0"]
[Round "06"]
[TimeControl "180+1"]
[Date "2022.03.22"]
[WhiteClock "0:00:26"]
[BlackClock "0:00:02"]

1. d4 Nf6 2. Nf3 d5 3. c4 c6 4. Nc3 a6 5. e3 b5 6. b3 Bg4 7. Qc2 e6 8. Bd3 Nbd7 9. Bb2 Bd6 10. O-O O-O 11. Ne2 Rc8 12. c5 Bc7 13. Ng3 Bxf3 14. gxf3 e5 15. Bf5 Re8 16. a4 b4 17. Kh1 exd4 18. Bxd4 Be5 19. Rad1 g6 20. Bh3 Rb8 21. Rg1 Kh8 22. f4 Bxd4 23. Rxd4 Qe7 24. Rc1 a5 25. Kg2 Rbd8 26. Kf3 Nf8 27. Qb2 Ne6 28. Rdd1 d4 29. Bxe6 Qxe6 30. Rxd4 Kg8 31. Kg2 Rd5 32. Rcd1 h5 33. e4 Rxd4 34. Rxd4 Qg4 35. Rd6 Nh7 36. Qd2 h4 37. f3 h3+ 38. Kf2 Qh4 39. Rxc6 Nf8 40. f5 Rd8 41. Rd6 Rxd6 42. cxd6 Nd7 43. fxg6 fxg6 44. Qd5+ Kf8 45. Qxa5 Qf4 46. Qd8+ Kg7 47. Qxd7+ Kh6 48. Qxh3+ Kg7 49. Nh5+ 1-0


[Site "https://www.chess.com"]

[Event "Titled Tuesday Blitz March 22 Early 2022"]
[White "Ardila, Oscar Humberto"]
[Black "Jaskolka, Tomasz"]
[WhiteFideId "4404742"]
[BlackFideId "1170791"]
[WhiteElo "1966"]
[BlackElo "2073"]
[Result "0-1"]
[Round "06"]
[TimeControl "180+1"]
[Date "2022.03.22"]
[WhiteClock "0:00:13"]
[BlackClock "0:00:52"]

1. d4 e6 2. c4 Nf6 3. Nc3 Bb4 4. Bd2 O-O 5. Nf3 d5 6. e3 c5 7. cxd5 exd5 8. Be2 Nc6 9. dxc5 Bxc5 10. O-O Bf5 11. Rc1 Bb6 12. Na4 Bc7 13. Nc5 Qe7 14. Nxb7 Bxh2+ 15. Nxh2 Qxb7 16. b3 Rac8 17. Nf3 Rfd8 18. Bc3 Ne4 19. Bd4 Rd6 20. Bd3 Rh6 21. Qc2 Nxd4 22. Qxc8+ Bxc8 23. Nxd4 Bd7 24. Bxe4 dxe4 25. Rfd1 Rd6 26. Rc3 g6 27. Rdc1 Kg7 28. Rc7 Qb4 29. R7c4 Qd2 30. R4c2 Qa5 31. a4 Qg5 32. Rc5 Qh4 33. Rc7 Qg5 34. R7c5 Rd5 35. Rc7 Bh3 36. g3 Qh5 37. Rxa7 Rxd4 38. exd4 Qf3 0-1


[Site "https://www.chess.com"]

[Event "Titled Tuesday Blitz March 22 Early 2022"]
[White "Artemenko, Oleg"]
[Black "Indjic, Aleksandar"]
[WhiteFideId "14201798"]
[BlackFideId "911925"]
[WhiteElo "2287"]
[BlackElo "2616"]
[Result "0-1"]
[Round "06"]
[TimeControl "180+1"]
[Date "2022.03.22"]
[WhiteClock "0:00:19"]
[BlackClock "0:01:19"]

1. d4 Nf6 2. Nc3 d5 3. Bf4 c5 4. e3 cxd4 5. exd4 a6 6. Nf3 Nc6 7. Ne5 Bd7 8. Nxd7 Qxd7 9. Ne2 e6 10. c3 b5 11. a3 Bd6 12. g3 O-O 13. Bg2 a5 14. O-O Bxf4 15. Nxf4 b4 16. axb4 axb4 17. Qe2 Qb7 18. c4 Nxd4 19. Qd3 Qb6 20. cxd5 e5 21. Ne2 Nxe2+ 22. Qxe2 e4 23. Qc4 Rac8 24. Qb3 Qd6 25. Rfd1 Rfe8 26. Re1 h5 27. h4 Ra8 28. Rac1 Rac8 29. Rcd1 Re5 30. Rd4 Rb8 31. Rc1 e3 32. f4 Ree8 33. Rdd1 e2 34. Re1 Qb6+ 35. Kh1 Ng4 36. Qc2 Qf2 37. Qd3 Re3 38. Qf5 Qxg3 39. Rc8+ Re8 40. Rxe8+ Rxe8 41. Rxe2 Qh2# 0-1


[Site "https://www.chess.com"]

[Event "Titled Tuesday Blitz March 22 Early 2022"]
[White "Atakhan, Abtin"]
[Black "Garagulya, Konstantin"]
[WhiteFideId "22502203"]
[BlackFideId "4128931"]
[WhiteElo "2119"]
[BlackElo "2329"]
[Result "1-0"]
[Round "06"]
[TimeControl "180+1"]
[Date "2022.03.22"]
[WhiteClock "0:00:13"]
[BlackClock "0:00:03"]

1. c4 e6 2. Nf3 d5 3. g3 Nf6 4. Bg2 Nbd7 5. b3 b6 6. Bb2 Bb7 7. O-O Bd6 8. e3 O-O 9. Nc3 a6 10. Qe2 Qe7 11. Rfd1 c5 12. Rac1 Rfd8 13. cxd5 Nxd5 14. Ne4 Bc7 15. a3 Rac8 16. Nh4 f5 17. Nc3 N7f6 18. Na4 Bd6 19. Nf3 b5 20. Nc3 Nxc3 21. dxc3 c4 22. bxc4 Rxc4 23. Nd2 Ra4 24. Bxb7 Qxb7 25. c4 Bxa3 26. Bxf6 gxf6 27. Rb1 Bb4 28. cxb5 Qxb5 29. Nc4 Rc8 30. Qh5 Rxc4 31. Rd8+ Kg7 32. Rbd1 Be7 33. R8d7 Qc5 34. Qe8 Rc1 35. Rxe7+ Kh6 36. Qf8+ Kh5 37. Rxh7+ Kg4 38. Qxc5 1-0


[Site "https://www.chess.com"]

[Event "Titled Tuesday Blitz March 22 Early 2022"]
[White "Babazada, Khazar"]
[Black "Koellner, Ruben Gideon"]
[WhiteFideId "13413554"]
[BlackFideId "12993093"]
[WhiteElo "2418"]
[BlackElo "2516"]
[Result "1-0"]
[Round "06"]
[TimeControl "180+1"]
[Date "2022.03.22"]
[WhiteClock "0:00:25"]
[BlackClock "0:00:03"]

1. e4 d6 2. d4 Nf6 3. Nc3 e5 4. Nf3 Nbd7 5. Bc4 Be7 6. O-O c6 7. a4 h6 8. a5 Qc7 9. h3 Nf8 10. b3 Ng6 11. Re1 O-O 12. Bf1 Rd8 13. g3 Bf8 14. Bg2 Re8 15. Be3 Be6 16. Qd2 b5 17. d5 cxd5 18. exd5 Bd7 19. Nh2 Rec8 20. Na2 Qxc2 21. Qxc2 Rxc2 22. Nb4 Rc3 23. Nc6 a6 24. b4 Bxc6 25. dxc6 d5 26. Ng4 Nxg4 27. hxg4 d4 28. Bd2 Rc4 29. Rab1 Rc8 30. Bd5 Rc2 31. Red1 Ne7 32. Be4 Rc4 33. Rdc1 Nxc6 34. Bd5 Rxc1+ 35. Rxc1 Ne7 36. Rxc8 Nxc8 37. Bb7 Nd6 38. Bxa6 f6 39. Bb7 Nxb7 40. a6 Nd6 41. a7 Nc4 42. a8=Q Nxd2 43. Qd5+ Kh7 44. Qxb5 Nf3+ 45. Kh1 1-0


[Site "https://www.chess.com"]

[Event "Titled Tuesday Blitz March 22 Early 2022"]
[White "Baches Garcia, Guillermo"]
[Black "Brodowski, Piotr"]
[WhiteFideId "2209764"]
[BlackFideId "1124480"]
[WhiteElo "2468"]
[BlackElo "2422"]
[Result "0-1"]
[Round "06"]
[TimeControl "180+1"]
[Date "2022.03.22"]
[WhiteClock "0:00:09"]
[BlackClock "0:00:59"]

1. e4 c5 2. Nf3 d6 3. d4 cxd4 4. Qxd4 Nf6 5. Bb5+ Nc6 6. Qd3 Bd7 7. c4 g6 8. Nc3 Bg7 9. O-O O-O 10. h3 Rc8 11. Be3 a6 12. Bxc6 Bxc6 13. Nd4 Nd7 14. Rac1 Nc5 15. Qc2 a5 16. Rfd1 Qd7 17. Ndb5 Bxb5 18. Nxb5 Qe6 19. Bxc5 Rxc5 20. b3 f5 21. exf5 Rcxf5 22. Rd2 Bh6 23. Nd4 Qf6 24. Nxf5 gxf5 25. Re1 Bxd2 26. Qxd2 f4 27. f3 Qg5 28. Re6 a4 29. Qe2 axb3 30. axb3 Kf7 31. Re4 e5 32. c5 Rc8 33. b4 Qd8 34. Kh2 Kf6 35. Qf2 Kf5 36. cxd6 Qxd6 37. Qh4 Qg6 38. Qg4+ Qxg4 39. hxg4+ Ke6 40. Kh3 Kd5 41. g3 fxg3 42. Kxg3 Rc4 43. Rxc4 Kxc4 44. g5 Kxb4 45. Kg4 Kc5 46. Kh5 b5 47. Kh6 b4 48. Kxh7 b3 49. g6 b2 50. g7 b1=Q+ 51. Kh8 Qh1+ 52. Kg8 Qxf3 0-1


[Site "https://www.chess.com"]

[Event "Titled Tuesday Blitz March 22 Early 2022"]
[White "Bachmann, Axel"]
[Black "Johnson, Ben"]
[WhiteFideId "3700488"]
[BlackFideId "2010917"]
[WhiteElo "2587"]
[BlackElo "2211"]
[Result "1-0"]
[Round "06"]
[TimeControl "180+1"]
[Date "2022.03.22"]
[WhiteClock "0:02:18"]
[BlackClock "0:00:49"]

1. d4 Nf6 2. g3 d5 3. Nf3 Bg4 4. Ne5 Bh5 5. c4 e6 6. Nc3 c6 7. cxd5 exd5 8. Bh3 Bd6 9. Qb3 Qc7 10. O-O O-O 11. Bf4 b6 12. Rac1 Nbd7 13. Nb5 Qb8 14. Nxd6 Qxd6 15. Nxd7 1-0


[Site "https://www.chess.com"]

[Event "Titled Tuesday Blitz March 22 Early 2022"]
[White "Baker, Chris W"]
[Black "Kanyamarala, Trisha"]
[WhiteFideId "401676"]
[BlackFideId "45004722"]
[WhiteElo "2289"]
[BlackElo "2047"]
[Result "0-1"]
[Round "06"]
[TimeControl "180+1"]
[Date "2022.03.22"]
[WhiteClock "0:00:04"]
[BlackClock "0:00:03"]

1. c4 e5 2. Nc3 Nf6 3. Nf3 Nc6 4. d3 Bb4 5. g3 e4 6. dxe4 Nxe4 7. Qc2 Nxc3 8. bxc3 Be7 9. Bg2 O-O 10. O-O d6 11. Rd1 Qe8 12. Nd4 Ne5 13. Nb5 Qd7 14. Qb3 a6 15. Nd4 Qg4 16. Bf4 c6 17. Bf3 Nxf3+ 18. exf3 Qh5 19. Re1 Bf6 20. Bxd6 Rd8 21. Be7 Bxe7 22. Rxe7 Bh3 23. c5 Rd5 24. Rae1 h6 25. R1e3 Rxc5 26. Qxb7 Rf8 27. Qc7 Qg6 28. f4 Qb1+ 29. Re1 Qd3 30. Re8 Rxe8 31. Rxe8+ Kh7 32. Re1 Rxc3 33. Qe5 c5 0-1


[Site "https://www.chess.com"]

[Event "Titled Tuesday Blitz March 22 Early 2022"]
[White "Bettalli, Francesco"]
[Black "Obolentseva, Alexandra"]
[WhiteFideId "2816453"]
[BlackFideId "24153648"]
[WhiteElo "2216"]
[BlackElo "2113"]
[Result "0-1"]
[Round "06"]
[TimeControl "180+1"]
[Date "2022.03.22"]
[WhiteClock "0:01:47"]
[BlackClock "0:01:36"]

1. d4 Nf6 2. Nc3 d5 3. Bf4 g6 4. Qd2 h5 5. e3 Bg7 6. O-O-O O-O 7. f3 c6 8. Bd3 Na6 9. h4 Nb4 10. Nge2 Nxd3+ 11. Qxd3 Bf5 12. e4 dxe4 13. fxe4 Bg4 14. Qe3 Qa5 15. Rde1 Rad8 16. Kb1 b5 17. a3 b4 18. axb4 Qxb4 19. Na2 Qb6 20. Be5 Be6 21. Nec3 Ng4 22. Qg3 Nxe5 23. dxe5 Rb8 24. b3 Bxb3 0-1


[Site "https://www.chess.com"]

[Event "Titled Tuesday Blitz March 22 Early 2022"]
[White "Bluebaum, Matthias"]
[Black "Lou, Yiping"]
[WhiteFideId "24651516"]
[BlackFideId "8603928"]
[WhiteElo "2550"]
[BlackElo "2412"]
[Result "0-1"]
[Round "06"]
[TimeControl "180+1"]
[Date "2022.03.22"]
[WhiteClock "0:00:31"]
[BlackClock "0:00:16"]

1. b3 b5 2. e4 Bb7 3. Bxb5 Bxe4 4. Nf3 Nf6 5. O-O e6 6. Bb2 Be7 7. Re1 Bb7 8. d4 O-O 9. Bd3 d6 10. c4 Nbd7 11. Nc3 Re8 12. Qe2 Bf8 13. Ne4 a5 14. Rad1 a4 15. Nxf6+ Nxf6 16. b4 g6 17. a3 Bg7 18. Nd2 Nh5 19. Be4 Qc8 20. Qf3 Bxe4 21. Nxe4 Qa6 22. g4 f5 23. gxh5 fxe4 24. Qxe4 Qxc4 25. hxg6 hxg6 26. Qxg6 Qd5 27. Rd3 Qf5 28. Qg2 Qxd3 29. h4 Qf5 30. Re4 d5 31. Rg4 Kh8 32. Bc1 Bf6 33. Bg5 Bxg5 34. hxg5 Kg7 35. Qg3 e5 36. g6 Ra6 37. Rg5 Qxg5 0-1


[Site "https://www.chess.com"]

[Event "Titled Tuesday Blitz March 22 Early 2022"]
[White "Bodnar, Nikolay"]
[Black "Araujo Filho, Luiz Antonio Coel"]
[WhiteFideId "14106469"]
[BlackFideId "2130661"]
[WhiteElo "2296"]
[BlackElo "2237"]
[Result "0-1"]
[Round "06"]
[TimeControl "180+1"]
[Date "2022.03.22"]
[WhiteClock "0:00:17"]
[BlackClock "0:00:15"]

1. e4 c6 2. d4 d5 3. e5 Bf5 4. h4 h5 5. Bd3 Bxd3 6. Qxd3 e6 7. Bg5 Qb6 8. Nd2 Nd7 9. c4 Ne7 10. Ngf3 Nf5 11. O-O Be7 12. Bxe7 Nxe7 13. b3 Nf5 14. g3 O-O 15. Rad1 Rad8 16. c5 Qc7 17. b4 a5 18. b5 b6 19. bxc6 Qxc6 20. cxb6 Qxb6 21. Rb1 Qa7 22. Rb5 Rb8 23. Rfb1 Rxb5 24. Rxb5 Rb8 25. Nb3 Rxb5 26. Qxb5 a4 27. Nc5 Nxd4 28. Nxd4 Qxc5 29. Qxd7 Qxd4 30. Qe8+ Kh7 31. Qxf7 Qxe5 32. a3 d4 33. Qf3 Qf5 34. Qd1 d3 35. Kf1 Qb5 36. Ke1 g6 37. Kd2 Qb2+ 38. Kxd3 Qxa3+ 39. Ke4 Qb4+ 40. Ke5 Qb5+ 41. Kxe6 Qb3+ 42. Qd5 Qxd5+ 43. Kxd5 a3 0-1


[Site "https://www.chess.com"]

[Event "Titled Tuesday Blitz March 22 Early 2022"]
[White "Bongo Akanga Ndjila, Barthelemy"]
[Black "Ferreira, Vitor Hugo Vieira"]
[WhiteFideId "10609431"]
[BlackFideId "2119765"]
[WhiteElo "1803"]
[BlackElo "2165"]
[Result "0-1"]
[Round "06"]
[TimeControl "180+1"]
[Date "2022.03.22"]
[WhiteClock "0:00:08"]
[BlackClock "0:00:58"]

1. d4 d5 2. Nf3 Nf6 3. Bf4 e6 4. Nbd2 c5 5. dxc5 Bxc5 6. h4 Qb6 7. e3 Qxb2 8. Bd3 O-O 9. O-O Qb6 10. a4 Nc6 11. Nb3 Be7 12. a5 Qd8 13. a6 b6 14. c3 Bd6 15. Bg5 h6 16. Bxf6 Qxf6 17. Nbd4 Ne5 18. Be2 Bd7 19. Rc1 Rac8 20. Nxe5 Qxe5 21. Nf3 Qf6 22. Qd3 Rc5 23. c4 Rfc8 24. Rfd1 Rxc4 25. Rxc4 Rxc4 26. Qb3 Rc3 27. Qb2 Rd3 28. Qc1 Rxd1+ 29. Bxd1 Bc5 30. Qb1 Qc3 31. Bc2 e5 32. Bf5 Bc6 33. Bc8 d4 34. exd4 Bxd4 35. Qf5 Bxf3 36. gxf3 Qe1+ 37. Kh2 Qxf2+ 38. Kh3 Qf1+ 39. Kh2 Bg1+ 40. Kg3 Qf2+ 41. Kg4 Qg2+ 42. Kh5 g6+ 43. Kxh6 0-1


[Site "https://www.chess.com"]

[Event "Titled Tuesday Blitz March 22 Early 2022"]
[White "Budrewicz, Krzysztof"]
[Black "Kowalczyk, Pawel"]
[WhiteFideId "1127950"]
[BlackFideId "1130641"]
[WhiteElo "2248"]
[BlackElo "2344"]
[Result "0-1"]
[Round "06"]
[TimeControl "180+1"]
[Date "2022.03.22"]
[WhiteClock "0:01:44"]
[BlackClock "0:02:31"]

1. d4 Nf6 2. c4 g6 3. Nc3 d5 4. Nf3 Bg7 5. Bf4 O-O 6. e3 c5 7. dxc5 Qa5 8. cxd5 Nxd5 9. Rc1 Nxc3 10. bxc3 Bxc3+ 11. Nd2 Rd8 12. Rc2 Bf5 13. Rxc3 Qxc3 14. f3 Qxc5 15. e4 Be6 16. Be2 Nc6 17. Qa1 Nd4 0-1


[Site "https://www.chess.com"]

[Event "Titled Tuesday Blitz March 22 Early 2022"]
[White "Chigaev, Maksim"]
[Black "Karthikeyan, Murali"]
[WhiteFideId "4108116"]
[BlackFideId "5074452"]
[WhiteElo "2502"]
[BlackElo "2579"]
[Result "1-0"]
[Round "06"]
[TimeControl "180+1"]
[Date "2022.03.22"]
[WhiteClock "0:00:31"]
[BlackClock "0:00:42"]

1. d4 Nf6 2. c4 e6 3. Nf3 Nc6 4. g3 Bb4+ 5. Bd2 Qe7 6. Bg2 Bxd2+ 7. Qxd2 Ne4 8. Qc2 Qb4+ 9. Nbd2 Nxd2 10. Qxd2 Qxc4 11. O-O O-O 12. Rac1 Qxa2 13. e4 d5 14. e5 Qa5 15. Qe3 Bd7 16. h4 Rac8 17. h5 h6 18. g4 Qb6 19. g5 hxg5 20. Qxg5 f6 21. Qg4 fxe5 22. h6 Rf7 23. Qg6 1-0


[Site "https://www.chess.com"]

[Event "Titled Tuesday Blitz March 22 Early 2022"]
[White "Ciolacu, Alessia-Mihaela"]
[Black "Williams, Simon K"]
[WhiteFideId "1252640"]
[BlackFideId "404454"]
[WhiteElo "1777"]
[BlackElo "2468"]
[Result "0-1"]
[Round "06"]
[TimeControl "180+1"]
[Date "2022.03.22"]
[WhiteClock "0:01:23"]
[BlackClock "0:00:58"]

1. Nf3 f5 2. d4 e6 3. Nc3 Nf6 4. Bg5 Bb4 5. Nd2 d5 6. e3 O-O 7. Bd3 c5 8. dxc5 Bxc5 9. Qf3 Nc6 10. Qh3 Ne5 11. Be2 h6 12. Bf4 Ng6 13. g4 Nxf4 14. exf4 fxg4 15. Bxg4 Nxg4 16. Qxg4 e5 17. Qg2 Rxf4 18. O-O-O Rxf2 19. Qxd5+ Qxd5 20. Nxd5 Bf5 21. Rdf1 Rd8 22. Rxf2 Bxf2 23. Ne7+ Kh7 24. Nxf5 g6 25. Rf1 gxf5 26. Rxf2 Kg6 27. Kd1 f4 28. Ke2 Kf5 29. Kf3 Rd4 30. Re2 h5 31. Ne4 Rd1 32. Rd2 Rf1+ 33. Kg2 Rb1 34. Nd6+ Ke6 35. b3 Re1 36. Kf2 Rh1 37. Kf3 Re1 38. Nxb7 Re3+ 39. Kf2 e4 40. Nd6 h4 41. Nc4 Rh3 42. Kg2 Rc3 43. Re2 f3+ 44. Kf2 fxe2 45. Kxe2 Rxc2+ 46. Ke3 Rxh2 0-1


[Site "https://www.chess.com"]

[Event "Titled Tuesday Blitz March 22 Early 2022"]
[White "Cupid, Kevin"]
[Black "Purtseladze, Maka"]
[WhiteFideId "7700512"]
[BlackFideId "13602659"]
[WhiteElo "2096"]
[BlackElo "2224"]
[Result "0-1"]
[Round "06"]
[TimeControl "180+1"]
[Date "2022.03.22"]
[WhiteClock "0:00:01"]
[BlackClock "0:00:13"]

1. d4 Nf6 2. c4 c5 3. Nf3 cxd4 4. Nxd4 g6 5. Nc3 Bg7 6. g3 d5 7. cxd5 Nxd5 8. Bg2 Nxc3 9. bxc3 e5 10. Nb5 Qxd1+ 11. Kxd1 Na6 12. Nd6+ Ke7 13. Nxc8+ Raxc8 14. Bxb7 Rcd8+ 15. Kc2 Nc7 16. Ba3+ Ke6 17. e4 Bf8 18. Bb2 Bc5 19. f4 exf4 20. gxf4 Be3 21. Bc1 Bxc1 22. Raxc1 Rd6 23. e5 Rb6 24. Be4 Rc8 25. Rb1 Nb5 26. Rxb5 Rxb5 27. Rd1 Ra5 28. Rd6+ Ke7 29. Bd5 Rac5 30. c4 Rd8 31. Rxd8 Kxd8 32. Bxf7 Ke7 33. Bd5 Ra5 34. Kb3 Ra6 35. c5 Ra5 36. Kc4 Rxa2 37. c6 Rxh2 38. Kc5 Rc2+ 39. Bc4 a5 40. Kb5 a4 41. c7 Kd7 42. e6+ Kxc7 0-1


[Site "https://www.chess.com"]